 Dungeon Crawl Stone Soup version 0.26-a0-1049-g242049e08c (webtiles) character file.

Game seed: 2579453728192918733

2 Morbidden the Skirmisher (level 1, 7/18 HPs)
             Began as a Demonspawn Wanderer on Dec 12, 2020.
             Quit the game on level 1 of the Dungeon.
             The game lasted 00:00:16 (312 turns).

Morbidden the Skirmisher (Demonspawn Wanderer)       Turns: 312, Time: 00:00:17

Health: 7/18       AC:  2    Str: 12    XL:     1   Next: 25%
Magic:  1/1        EV:  6    Int: 13    God:
Gold:   0          SH:  7    Dex: 12    Spells: 0/0 levels left

rFire    . . .     SeeInvis .   a - +0 club
rCold    . . .     Faith    .   e - +0 kite shield
rNeg     . . .     Spirit   .   d - +0 robe
rPois    .         Reflect  .   (no helmet)
rElec    .         Harm     .   (no cloak)
rCorr    .         Rampage  .   (no gloves)
Will     .....                  (no boots)
Stlth    +.........             (no amulet)
HPRegen  0.06/turn              (no ring)
MPRegen  0.07/turn              (no ring)

@: constricted
A: no striking features
a: no special abilities


You were on level 1 of the Dungeon.
You visited 1 branch of the dungeon, and saw 1 of its levels.

Inventory:

Hand Weapons
 a - a +0 club (weapon)
Armour
 d - a +0 robe (worn)
 e - a +0 kite shield (worn)
Scrolls
 f - a scroll of identify {unknown}
 g - a scroll of remove curse {unknown}
Potions
 b - a potion of curing
 c - a potion of lignification


   Skills:
 + Level 3.1 Fighting
 + Level 1.0 Polearms
 + Level 1.7 Dodging
 + Level 1.7 Shields
 + Level 1.7 Unarmed Combat


You couldn't memorise any spells.
You didn't know any spells.
Your spell library was empty.

Dungeon Overview and Level Annotations

Branches:
Dungeon (1/15)

Altars:


Message History

You closely miss the hobgoblin.
The hobgoblin is almost dead.
You block the ball python's attack. x2; The jackal bites you.
The hobgoblin barely misses you.
You hit the hobgoblin but do no damage.
The hobgoblin is almost dead.
The jackal bites you but does no damage.
The ball python bites you but does no damage.
The ball python grabs you. The ball python constricts you.
The hobgoblin hits you.
The ball python bites you but does no damage.
The ball python constricts you. The hobgoblin hits you.
You are too injured to fight recklessly!
Unknown command.
You are too injured to fight recklessly!
You are too injured to fight recklessly!
Unknown command.
You are too injured to fight recklessly!
You are too injured to fight recklessly!
Are you sure you want to abandon this character and quit the game? (Confirm with "yes".)

####.######
#.......... #.#
##......... .
#.#########.........
...
#.#.........#######.
....##.#.#######..#
..............[..#.##
.....##.............#
..## #...........#.#
#.h@........#.#
#..gS.......#.#
###h#######.#.######
... ..#.#..... ...
#######.######
....#...........(>#
....#.##...#.###.##
.....#.##..รท#.##..#
#........##.###


You could see 2 jackals, a hobgoblin and a ball python.

Vanquished Creatures
  A hobgoblin (D:1)
  A kobold (D:1)
2 creatures vanquished.

Notes
Turn   | Place    | Note
-------+----------+-------------------------------------------
     0 | D:1      | Morbidden the Demonspawn Wanderer began the quest for the
                  | Orb.
     0 | D:1      | Morbidden set off with the following items: a +0 club, a
                  | potion of curing, a potion of lignification, a +0 robe, a
                  | +0 kite shield
     0 | D:1      | Reached XP level 1. HP: 18/18 MP: 1/1
   312 | D:1      | Quit the game

Illustrated notes

Levels and vault maps discovered:
D:1:      lemuel_arrival_cross, layout_basic, lemuel_another_geyser

Action                   || total
-------------------------++-------
Melee: Club              ||    17
Armor: Robe              ||     5
Dodge: Dodged            ||     7
Block: Kite shield       ||    14

Table legend: (Time is in decaauts)
 A = Elapsed time spent in this place.
 B = Non-inter-level travel time spent in this place.
 C = Inter-level travel time spent in this place.
 D = Time resting spent in this place.
 E = Time spent auto-exploring this place.
 F = Levels seen in this place.
 G = Mean time per level.
                   A        B        C        D        E       F      G
               +--------+--------+--------+--------+--------+-----+--------+
         Total |    319 |    319 |      0 |      0 |    284 |   1 |  319.0 |
       Dungeon |    319 |    319 |      0 |      0 |    284 |   1 |  319.0 |
               +--------+--------+--------+--------+--------+-----+--------+

Top non-repeatable levels by time:
     D:1: 319 daAuts
